 Dungeon Crawl Stone Soup version 0.32-a0-876-gcfddb08e57 (webtiles) character file.

Game seed: 8757372125863155876

743994 shadizar the Marid (level 27, 0/225 HPs)
             Began as a Djinni Conjurer on Mar 31, 2024.
             Was the Champion of Makhleb.
             Killed from afar by a starcursed mass (6 damage)
             ... with an accursed screaming
             ... summoned by a demonspawn corrupter
             ... on level 24 of a ziggurat.
             The game lasted 02:14:47 (50029 turns).

shadizar the Marid (Djinni Conjurer)               Turns: 50029, Time: 02:14:48

Health: 0/225      AC: 13    Str:  7 (8)  XL:     27
Gold:   4585       EV: 22    Int: 43      God:    Makhleb [******] SH: 35 Dex: 15 (16)

rFire   + + +        J - staff "Poiziadd" {Fly rC+ Conj Fire Ice}
rCold   + + +        G - +5 tower shield
rNeg    + . .        g - +4 robe of Submission {Int+2 Archmagi}
rPois   ∞            E - -2 hat of the Alchemist {rElec rPois rF+ rC+ rN+ Will+ rMut rCorr}
rElec   +            j - +2 cloak {rCorr}
rCorr   +            B - +2 pair of gloves {infuse}
SInv    .            (boots unavailable)
Will    ++++.        z - amulet of Jivvell {Reflect Regen+ SH+5}
Stlth   +++++++      n - ring "Zaups" {rC+ Will+ Int+3}
HPRegen 1.37/turn    A - ring of Fyusoin {rElec rC+ Str+2 Int+6 Dex+2}
MPRegen 0.00/turn

%: reflection, resist mutation, archmagi, infuse magic (-1 HP)
@: calling dragons, flying, studying 5 skills
A: sickness immunity, fire resistance 2, cold vulnerability 1, float, innate
caster, HP casting, extra vitality 1, large bone plates 1, deterioration 1,
subdued magic 1
}: 4/15 runes: decaying, slimy, silver, gossamer
a: Renounce Religion, Minor Destruction, Lesser Servant of Makhleb, Major
Destruction, Greater Servant of Makhleb


You were on level 24 of a ziggurat.
You worshipped Makhleb.
Makhleb was exalted by your worship.
You visited 12 branches of the dungeon, and saw 51 of its levels.
You visited 1 ziggurat, and saw 24 of its levels.
You also visited: Ossuary and Ice Cave.

You collected 7748 gold pieces.
You spent 3163 gold pieces at shops.

Inventory:

Armour
 g - the +4 robe of Submission (worn) {Int+2 Archmagi}
   (You took it off Boris on level 1 of the Depths)

   Int+2:     It affects your intelligence (+2).
   Archmagi:  It increases the power of your magical spells.
 i - the +1 ring mail of Dishonesty {^Drain rPois rC+ rN+}
   (You found it on level 5 of the Pits of Slime)

   rC+:       It protects you from cold.
   rPois:     It protects you from poison.
   rN+:       It protects you from negative energy.
   ^Drain:    It drains your maximum health when unequipped.
 j - a +2 cloak of preservation (worn)
 o - a +2 kite shield of protection
 B - a +2 pair of gloves of infusion (worn)
 C - the +9 plate armour of the Postmodern Tales {Will++}
   (You found it on level 19 of a ziggurat)

   Will++:    It greatly increases your willpower.
 E - the -2 hat of the Alchemist (worn) {rElec rPois rF+ rC+ rN+ Will+ rMut rCorr}
   (You found it on level 19 of a ziggurat)

   rF+:       It protects you from fire.
   rC+:       It protects you from cold.
   rElec:     It insulates you from electricity.
   rPois:     It protects you from poison.
   rN+:       It protects you from negative energy.
   Will+:     It increases your willpower.
   rCorr:     It protects you from acid and corrosion.
   rMut:      It protects you from mutation.
 G - a +5 tower shield (worn)
 L - the +3 scale mail "Irran" {rElec}
   (You bought it in a shop on level 2 of the Orcish Mines)

   rElec:     It insulates you from electricity.
 U - a +2 helmet of see invisible
Magical Staves
 I - the staff of Dishonour {rF+ Dex+3 Fire Ice Air}
   (You found it on level 21 of a ziggurat)

   [staff of fire]

   Base accuracy: +5 Base damage: 5 Base attack delay: 1.2 This weapon's minimum
   attack delay (0.6) is reached at skill level 12.
   Dex+3:     It affects your dexterity (+3).
   rF+:       It protects you from fire.
   Fire:      It increases the power of your Fire spells.
   Ice:       It increases the power of your Ice spells.
   Air:       It increases the power of your Air spells.
   It falls into the 'Staves' category.
   It is a one-handed weapon.
 J - the staff "Poiziadd" (weapon) {Fly rC+ Conj Fire Ice}
   (You found it on level 3 of the Elven Halls)

   [staff of cold]

   Base accuracy: +5 Base damage: 5 Base attack delay: 1.2 This weapon's minimum
   attack delay (0.6) is reached at skill level 12.
   rC+:       It protects you from cold.
   Fly:       It grants you flight.
   Conj:      It increases the power of your Conjurations spells.
   Fire:      It increases the power of your Fire spells.
   Ice:       It increases the power of your Ice spells.
   It falls into the 'Staves' category.
   It is a one-handed weapon.
 Q - the staff of Spores {rC+ Will+ Int+2 Ice Alchemy}
   (You found it on level 21 of a ziggurat)

   [staff of cold]

   Base accuracy: +5 Base damage: 5 Base attack delay: 1.2 This weapon's minimum
   attack delay (0.6) is reached at skill level 12.
   Int+2:     It affects your intelligence (+2).
   rC+:       It protects you from cold.
   Will+:     It increases your willpower.
   Ice:       It increases the power of your Ice spells.
   Alchemy:   It increases the power of your Alchemy spells.
   It falls into the 'Staves' category.
   It is a one-handed weapon.
Jewellery
 d - the dreamshard necklace {Acrobat *Dream}
   (You found it on level 4 of the Depths)

   [amulet of the acrobat]

   *Dream:    It absorbs a single lethal wound into itself, holding its wearer
   just short of death and releasing dream-creatures to guard them.
   Acrobat:   It increases your evasion while moving and waiting.
 f - the amulet of Elyvilon's Whim {Reflect rElec rF+ rC- Dex+3 SH+5 Stlth+}
   (You found it on level 21 of a ziggurat)

   [amulet of reflection]

   Reflect:   It reflects blocked missile attacks.
   Dex+3:     It affects your dexterity (+3).
   rF+:       It protects you from fire.
   rC-:       It makes you vulnerable to cold.
   rElec:     It insulates you from electricity.
   SH+5:      It affects your SH (+5).
   Stlth+:    It makes you more stealthy.
 n - the ring "Zaups" (left hand) {rC+ Will+ Int+3}
   (You found it on level 5 of a ziggurat)

   [ring of willpower]

   Int+3:     It affects your intelligence (+3).
   rC+:       It protects you from cold.
   Will+:     It increases your willpower.
 t - the amulet of Contentment {Regen+ Int+4}
   (You found it on level 20 of a ziggurat)

   [amulet of regeneration]

   Int+4:     It affects your intelligence (+4).
   Regen+:    It increases your rate of health regeneration.
 z - the amulet of Jivvell (around neck) {Reflect Regen+ SH+5}
   (You found it on level 21 of a ziggurat)

   [amulet of reflection]

   Reflect:   It reflects blocked missile attacks.
   Regen+:    It increases your rate of health regeneration.
   SH+5:      It affects your SH (+5).
 A - the ring of Fyusoin (right hand) {rElec rC+ Str+2 Int+6 Dex+2}
   (You acquired it on level 2 of the Lair of Beasts)

   [ring of intelligence]

   Str+2:     It affects your strength (+2).
   Int+6:     It affects your intelligence (+6).
   Dex+2:     It affects your dexterity (+2).
   rC+:       It protects you from cold.
   rElec:     It insulates you from electricity.
 O - the necklace of Bloodlust {Fury *Rage Will++ Int-3 Slay+6}
   (You found it on level 18 of a ziggurat)

   [amulet of nothing]

   Fury:      It extends the wearer's berserk rage when killing foes.
   Int-3:     It affects your intelligence (-3).
   Slay+6:    It affects your accuracy & damage with ranged weapons and melee
   (+6).
   Will++:    It greatly increases your willpower.
   *Rage:     It berserks you when you make melee attacks (+50% chance).
 P - the ring "Waec" {Wiz ^Contam rN+ rCorr Int+3}
   (You found it on level 22 of a ziggurat)

   [ring of wizardry]

   Wiz:       It improves your spell success rate.
   Int+3:     It affects your intelligence (+3).
   rN+:       It protects you from negative energy.
   ^Contam:   It causes magical contamination when unequipped.
   rCorr:     It protects you from acid and corrosion.
 R - a +4 ring of protection
 T - a ring of see invisible
Wands
 b - a wand of light (66)
 q - a wand of paralysis (128)
 u - a wand of digging (64)
 y - a wand of iceblast (131)
 H - a wand of flame (174)
 M - a wand of mindburst (40)
 Y - a wand of polymorph (20)
Scrolls
 c - 40 scrolls of teleportation
 e - 5 scrolls of fog
 r - 12 scrolls of blinking
 v - a scroll of enchant armour
 x - 11 scrolls of enchant weapon
 D - a scroll of immolation
 N - a scroll of torment
 S - 14 scrolls of revelation
Potions
 a - 18 potions of curing
 h - 2 potions of berserk rage
 k - 4 potions of cancellation
 l - 10 potions of enlightenment
 m - 5 potions of ambrosia
 s - 6 potions of brilliance
 w - 10 potions of haste
 F - 8 potions of resistance
 K - 3 potions of mutation
 V - a potion of invisibility
Miscellaneous
 Z - a tin of tremorstones (2/2)


   Skills:
 + Level 26.4 Fighting
 + Level 19.0 Armour
 + Level 23.4 Dodging
 + Level 19.2 Stealth
 + Level 20.3 Shields
 O Level 27 Spellcasting
 O Level 27 Conjurations
 O Level 27 Hexes
   Level 0.0 Charms
 O Level 27 Summonings
 O Level 27 Necromancy
 O Level 27 Translocations
   Level 0.0 Transmutations
 O Level 27 Fire Magic
 O Level 27 Ice Magic
 O Level 27 Air Magic
 O Level 27 Earth Magic
 O Level 27 Alchemy


You knew the following spells:

 Your Spells              Type           Power      Damage    Failure   Level
a - Magic Dart            Conj           100%       1d8       0%          1
b - Searing Ray           Conj           100%       2d8       0%          2
c - Fulminant Prism       Conj/Alch      86%        3d35      0%          4
d - Iskenderun's Mystic   Conj/Tloc      100%       2d19      (+2d10%     4
e - Necrotise             Necr           100%       1d9       0%          1
f - Momentum Strike       Conj/Tloc      100%       3d10      0%          2
g - Inner Flame           Hex/Fire       100%       N/A       0%          3
h - Mephitic Cloud        Conj/Alch/Air  100%       N/A       0%          3
i - Fireball              Conj/Fire      100%       3d36      0%          5
j - Silence               Hex/Air        73%        N/A       0%          5
k - Plasma Beam           Fire/Air       86%        2x1d105   0%          6
l - Starburst             Conj/Fire      100%       6d25      0%          6
m - Dispersal             Tloc           73%        N/A       0%          6
n - Ozocubu's Refrigerat  Ice            86%        4d26      0%          7
o - Spellforged Servitor  Conj/Summ      86%        N/A       0%          7
p - Ignition              Fire           86%        3d22      1%          8
q - Dragon's Call         Summ           73%        N/A       1%          9
Your spell library was empty.

Dungeon Overview and Level Annotations

Branches:
Dungeon (15/15)            Temple (1/1) D:6            Lair (5/5) D:8
  Swamp (4/4) Lair:3       Spider (4/4) Lair:2        Slime (5/5) Lair:5
    Orc (2/2) D:12            Elf (3/3) Orc:2        Vaults (5/5) D:13
  Crypt (0/3) Vaults:2     Depths (4/4) D:15           Hell (visited)
    Dis (0/7) Hell            Geh (2/7) Hell            Coc (0/7) Hell
    Tar (0/7) Hell            Zot (0/5) Depths:4    Ossuary (visited)
  IceCv (visited)

Altars:
Ashenzari
Cheibriados
Dithmenos
Elyvilon
Fedhas
Gozag
Hepliaklqana
Makhleb
Nemelex Xobeh
Okawaru
Qazlal
Ru
Trog
Uskayaw
Wu Jian
Xom
Yredelemnul
Zin
The Shining One
Jiyva
Lugonu

Shops:
D:4 [   D:6 :[   Orc:1 *   Orc:2 *:?[   Vaults:5 !   Depths:1 [

Portals:
Hell: Depths:1 Depths:2 Depths:3 Depths:4
Abyss: Depths:1 Depths:3 Depths:4
Pandemonium: Orc:2 Depths:1 Depths:2 Depths:4
Trove: D:13 (give +5 demon whip)

Annotations:
D:3 3 runed translucent doors, QuentJo's ghost, amateur HuFi
D:8 3 runed translucent doors, DEFE's ghost, novice CoFi


Innate Abilities, Weirdness & Mutations

You are immune to sickness and miasma.
You are immune to poison.
Your flesh is very heat resistant. (rF++)
You are vulnerable to cold. (rC-)
You float through the air rather than walking.
You learn spells naturally, not from books.
Your magical power is your life essence.
You have superior vitality. (+4 MHP)
You are partially covered in large bone plates. (SH +4)
Your body sometimes deteriorates upon taking damage.
Your spells are a little easier to cast, but a little less powerful.


Message History

Unknown command.
Unknown command.
Unknown command.
Unknown command.
Unknown command.
Unknown command.
Unknown command.
Unknown command.
Unknown command.
Unknown command.
Unknown command.
Casting: Ignition (mildly dangerous; 1% risk of failure)
Confirm with . or Enter, or press ? or * to list all spells.
Casting: Ignition (mildly dangerous; 1% risk of failure)
Press: ? - help, Dir - look around, f - activate You feel a strong surge of power!
The air bursts into flame!
The fireball engulfs the apocalypse crab.
The apocalypse crab resists.
The apocalypse crab is lightly wounded.
The fireball engulfs the starcursed mass!!
The starcursed mass is lightly damaged.
The fireball engulfs the demonspawn corrupter!
The demonspawn corrupter resists.
The demonspawn corrupter is almost dead.
The fireball engulfs the Hell Sentinel.
The Hell Sentinel completely resists.
The Hell Sentinel is moderately wounded.
The fireball engulfs the demonspawn corrupter.
The demonspawn corrupter resists.
The demonspawn corrupter is almost dead.
The fireball engulfs the apocalypse crab!
The apocalypse crab resists.
The apocalypse crab is moderately wounded.
* * * LOW HITPOINT WARNING * * *
A dragon arrives to answer your call!
* * * LOW HITPOINT WARNING * * *
Your quicksilver dragon bites the Hell Sentinel but does no damage.
Your quicksilver dragon claws the Hell Sentinel.
A starcursed mass splits.
The starcursed mass shrieks in your mind.
You die...

........#ß.ß#.§..▓
..........X.D........▓▓
............1#ßDß#..▓▓
............D^#.#^.▓▓
.......6.tD........▓
...........D.....▓▓
................▓
...............▓
▓......@....▓▓▓▓
▓▓▓▓▓▓.▓▓▓▓▓▓ ▓▓


You could see a starcursed mass (summoned), a Hell Sentinel (ally target), a
demonspawn corrupter (fast, agile, black mark, resistant), an apocalypse crab
(summoned, ally target), a friendly shadow dragon (summoned), a friendly fire
dragon (summoned) and 2 friendly quicksilver dragons.

Vanquished Creatures
  the Royal Jelly (Slime:5)
  Dissolution (Slime:2)
  Frederick (Depths:3)
  4 dread liches
  5 ancient liches
  Mara (Depths:2)
  A juggernaut (Depths:4)
  9 royal mummies (Zig:22)
  Boris (Depths:1)
  Bai Suzhen (Depths:1)
  2 shard shrikes (Zig:18)
  4 pandemonium lords
  Sojobo (Vaults:2)
  A Killer Klown (Zig:3)
  6 caustic shrikes
  Margery (Vaults:3)
  Saint Roka (Vaults:3)
  Geryon (Hell)
  5 golden dragons
  Nikola (Swamp:1)
  2 bone dragons
  Jory (Depths:4)
  7 Tzitzimimeh
  2 Brimstone Fiends
  A starcursed mass (Zig:12)
  A doom hound (Zig:24)
  Jorgrun (D:14)
  3 iron giants (Zig:17)
  7 Ice Fiends
  5 hellephants
  6 tentacled monstrosities
  A walking earthen tome (Depths:2)
  3 liches
  Asterion (Depths:2)
  A quicksilver dragon (Vaults:5)
  3 deep elf blademasters
  6 sphinxes
  7 titans
  2 deep elf master archers (Elf:3)
  A searing wretch (Geh:1)
  4 tentacled starspawn (Zig:12)
  Frances (Swamp:1)
  Murray (Hell)
  34 acid blobs
  4 ancient champions
  2 Executioners
  Kirke (D:13)
  4 storm dragons
  5 shadow dragons
  2 thorn hunters (Swamp:4)
  7 tengu reavers
  6 demonspawn warmongers
  20 azure jellies
  4 draconian monks
  21 rockslimes
  2 fenstrider witches (Swamp:3)
  A fenstrider witch (shapeshifter) (Zig:6)
  3 revenants (Zig:19)
  3 iron dragons
  12 fire giants
  4 frost giants
  7 deep elf sorcerers
  A nargun (Zig:7)
  5 draconian knights
  18 vault wardens
  3 draconian scorchers (Zig:21)
  7 emperor scorpions
  The ghost of Autsider the Brawler, a journeyman TrFi of Wu Jian (Orc:1)
  8 draconian shifters
  A balrug (Zig:24)
  3 deep elf elementalists (Elf:3)
  A ghoul (Swamp:4)
  4 ghost moths
  A caustic shrike zombie (Zig:22)
  4 demonspawn corrupters
  A cacodemon (Zig:24)
  7 orc warlords
  7 draconian annihilators
  2 curse skulls
  18 ironbound preservers
  10 reapers
  24 quicksilver oozes
  23 stone giants
  17 formless jellyfish
  A broodmother (Spider:4)
  6 draconian stormcallers (Zig:21)
  21 very ugly things
  3 green draconians
  A juggernaut skeleton (Zig:22)
  2 demonspawn blood saints
  7 vampire knights
  8 ironbound thunderhulks
  An eleionoma (shapeshifter) (Zig:6)
  3 eleionomae
  6 demonspawn black suns
  2 black draconians
  14 deep elf death magi
  Nessos (D:12)
  A wendigo (Zig:7)
  A lorocyproca (Zig:12)
  7 deep elf annihilators
  9 deep elf demonologists
  7 white draconians
  18 spark wasps
  A minotaur (shapeshifter) (Zig:6)
  2 purple draconians (Zig:21)
  7 bunyips
  14 dire elephants
  6 yellow draconians
  6 war gargoyles
  2 red draconians (Zig:11)
  An eidolon (Zig:19)
  An iron golem (Hell)
  A crystal guardian (Zig:17)
  5 blizzard demons
  3 green deaths
  A jiangshi (Zig:4)
  A merfolk javelineer (Depths:2)
  12 ettins
  5 fire dragons
  8 entropy weavers
  4 mummy priests (Zig:22)
  17 yaktaur captains
  2 rakshasas
  4 shambling mangroves
  4 deep elf high priests
  5 ice dragons
  2 juggernaut simulacra (Zig:18)
  2 ghost crabs
  24 hydras
  Harold (D:11)
  21 great orbs of eyes
  A peacekeeper (Vaults:1)
  8 alligators
  2 caustic shrike simulacra (Zig:18)
  3 hell beasts
  3 catoblepae
  35 vault guards
  15 ironbound frosthearts
  2 spriggan skeletons (Zig:22)
  Erolcha (D:10)
  An ogre mage (Vaults:5)
  3 spriggan air magi
  A demonspawn (Orc:2)
  8 two-headed ogres
  12 centaur warriors
  4 jorogumos
  8 radroaches
  33 dancing weapons
  2 death scarabs
  4 stokers (Geh:1)
  16 deep troll earth magi
  17 hell hogs
  11 boulder beetles
  7 deep troll shamans
  6 tengu warriors
  8 spriggan berserkers
  6 vampire magi
  4 thrashing horrors (Zig:12)
  10 death yaks
  8 demonic crawlers
  A sphinx skeleton (Depths:1)
  16 hell knights
  10 orc high priests
  A storm dragon zombie (Depths:1)
  24 deep elf knights
  An occultist (Depths:3)
  11 soul eaters
  Sonja (Lair:2)
  4 wretched stars
  6 skysharks
  9 spriggans
  12 sun demons
  3 shadow wraiths
  A sixfirhy (Zig:24)
  A fire crab (Lair:2)
  11 pharaoh ants
  11 iron trolls
  A deep troll (shapeshifter) (Zig:3)
  7 glowing orange brains
  9 goliath frogs
  16 orb spiders
  A glowing orange brain (shapeshifter) (D:15)
  A tengu zombie (Vaults:2)
  7 flayed ghosts
  4 skeletal warriors
  3 spriggan simulacra (Zig:18)
  5 bog bodies (Swamp:4)
  19 deep elf archers
  16 ironbound convokers
  5 spriggan druids
  58 deep trolls
  2 sun moths
  8 steelbarb worms
  9 arcanists
  A mana viper (shapeshifter) (Depths:3)
  Pikel (D:4)
  2 obsidian bats
  8 swamp dragons
  5 thermic dynamos
  11 lindwurms
  37 deep elf zephyrmancers
  An anaconda skeleton (Hell)
  38 deep elf pyromancers
  8 necromancers
  11 phantasmal warriors
  26 orc knights
  A glowing shapeshifter (Depths:2)
  11 orc sorcerers
  2 moths of wrath
  A fire giant zombie (Depths:1)
  10 shining eyes
  5 cyclopes
  42 ugly things
  2 shadow dragon skeletons (Zig:22)
  4 manticores
  4 will-o-the-wisps
  3 meliai (Spider:2)
  A salamander (shapeshifter) (Vaults:4)
  24 wolf spiders
  An iron dragon skeleton (Zig:22)
  A human zombie (Vaults:2)
  4 black mambas
  3 kobold blastminers
  A titan simulacrum (Zig:22)
  5 rust devils (Hell)
  9 smoke demons
  5 molten gargoyles
  5 ice statues
  10 elephants
  6 gargoyles
  An orange demon (Zig:24)
  6 eyes of devastation
  21 vault sentinels
  6 hellions
  3 large abominations
  A storm dragon simulacrum (Zig:22)
  9 torpor snails
  17 cane toads
  A cane toad (shapeshifter) (Vaults:5)
  2 unseen horrors
  2 kobold demonologists
  22 komodo dragons
  7 rime drakes
  An efreet (D:13)
  2 freezing wraiths
  7 tengu conjurers
  A spriggan zombie (Depths:1)
  3 tormentors
  2 ancient zymes
  A golden dragon simulacrum (Zig:22)
  28 yaktaurs
  2 anaconda simulacra (IceCv)
  15 ice devils
  8 trolls
  11 guardian mummies (Zig:22)
  A queen bee (shapeshifter) (Vaults:5)
  4 hellwings
  2 bloated husks
  5 polar bears
  A sea snake skeleton (Hell)
  9 tyrant leeches
  41 tarantellas
  24 hornets
  An ettin zombie (Depths:1)
  10 blink frogs
  A raiju (Zig:2)
  A stone giant simulacrum (Vaults:2)
  16 dream sheep
  5 glass eyes
  4 hydra skeletons (Hell)
  36 jumping spiders
  A frost giant simulacrum (Vaults:2)
  Sigmund (D:6)
  A slime creature (shapeshifter) (Depths:2)
  2 air elementals (Elf:2)
  A centaur simulacrum (D:14)
  16 water elementals
  129 slime creatures
  3 dire elephant simulacra (IceCv)
  6 ushabtiu (Zig:22)
  2 wraiths
  34 culicivoras
  4 ynoxinuls
  A basilisk (shapeshifter) (D:14)
  A hog (shapeshifter) (Elf:2)
  46 yaks
  A fire elemental (Elf:3)
  17 humans (D:13)
  4 fire bats (Depths:1)
  6 wyverns
  9 golden eyes
  5 basilisks
  4 hogs (D:13)
  A warg (shapeshifter) (Elf:1)
  4 chaos spawn
  4 neqoxecs
  5 wargs
  19 vampire mosquitoes
  41 redbacks
  10 swamp worms
  Menkaure (D:6)
  3 harpy simulacra (IceCv)
  13 water moccasins
  2 hydra simulacra (IceCv)
  A glowing shapeshifter skeleton (Zig:22)
  6 hell hounds (Hell)
  9 swamp drakes
  4 black bears
  48 orc warriors
  2 ice beasts (D:7)
  3 laughing skulls
  13 wolves
  5 boggarts (D:14)
  7 centaurs
  9 ogres
  A phantom (D:5)
  4 lemures (D:4)
  2 weeping skulls (Ossuary)
  Blork the orc (D:4)
  7 kobold brigands
  8 bullfrogs
  2 scorpions
  A glowing shapeshifter simulacrum (Zig:22)
  A cane toad simulacrum (IceCv)
  2 two-headed ogre simulacra (IceCv)
  5 earth elementals
  10 wights
  A hornet simulacrum (D:15)
  An elephant simulacrum (IceCv)
  5 electric eels
  2 howler monkeys (D:10)
  26 orc priests
  4 hounds
  2 bombardier beetles
  2 centaur zombies (Ossuary)
  A gnoll bouda (D:5)
  3 jellies
  34 orc wizards
  A sleepcap (D:7)
  3 iguanas
  A hell rat (Zig:10)
  2 wolf simulacra (IceCv)
  24 mummies
  Robin (D:2)
  3 gnolls (D:5)
  5 adders
  A shadow imp (D:6)
  2 white imps
  2 ufetubi (D:7)
  2 dart slugs
  A ribbon worm (D:3)
  66 orcs
  2 ball pythons (D:3)
  7 bats
  11 endoplasms
  4 giant cockroaches
  4 gnoll zombies (Ossuary)
  13 goblins
  12 hobgoblins
  3 jackals (D:2)
  33 kobolds
  4 quokkas
  4 frilled lizards
  A kobold zombie (Ossuary)
  An orc zombie (Ossuary)
  7 rats
  5 fire vortices (Geh:1)
  A fulminant prism (Lair:2)
  2 starspawn tentacles (Zig:12)
2743 creatures vanquished.

Vanquished Creatures (collateral kills)
  2 ancient liches (Zig:19)
  3 royal mummies (Zig:22)
  Boris (Depths:3)
  2 shard shrikes
  A caustic shrike (Zig:17)
  2 Brimstone Fiends (Zig:8)
  3 Hell Sentinels
  3 acid blobs
  A walking frostbound tome (Zig:18)
  A draconian monk (Zig:21)
  A tengu reaver (Depths:3)
  4 azure jellies
  10 rockslimes
  2 demonspawn warmongers (Zig:24)
  A fire giant (Depths:1)
  3 frost giants
  2 draconian knights
  A draconian scorcher (Zig:21)
  An iron dragon (Zig:17)
  A cacodemon (Zig:8)
  3 curse skulls (Zig:19)
  2 formless jellyfish
  A draconian annihilator (Zig:21)
  A very ugly thing (Depths:3)
  A draconian stormcaller (Zig:21)
  2 demonspawn blood saints (Zig:24)
  3 quicksilver oozes
  2 vampire knights (Depths:3)
  2 demonspawn black suns (Zig:24)
  A red draconian (Zig:21)
  2 wendigos (Zig:7)
  2 bennus (Zig:22)
  A war gargoyle (Hell)
  A purple draconian (Zig:21)
  4 iron golems
  2 ettins
  A mummy priest (Zig:22)
  A hell beast (Zig:24)
  A jorogumo (Zig:9)
  An ironbound frostheart (Zig:18)
  An orc high priest (Zig:16)
  A storm dragon zombie (Zig:22)
  A soul eater (Depths:1)
  2 iron trolls
  A shadow wraith (Zig:19)
  A golden dragon zombie (Zig:22)
  A sun moth (Zig:9)
  A spriggan simulacrum (Zig:18)
  2 shining eyes
  A rust devil (Zig:14)
  An apocalypse crab (Zig:6)
  2 orange demons (Zig:24)
  An efreet (Zig:24)
  An eye of devastation (Zig:20)
  A tormentor (Zig:14)
  A red devil (Zig:24)
  A troll (Zig:16)
  6 slime creatures
  A yak (Lair:2)
  An ushabti (Zig:22)
  A water elemental (Depths:3)
  6 golden eyes
  A warg (Zig:16)
  4 orc warriors (Zig:16)
  2 ogres (Zig:16)
  2 earth elementals (Zig:17)
  2 mummies (Zig:22)
125 creatures vanquished.

Vanquished Creatures (others)
  A fenstrider witch (Swamp:2)
  A deep elf demonologist (Elf:3)
  A hydra (Swamp:2)
  An iron troll (Depths:1)
  A goliath frog (Swamp:2)
  A sun moth (Spider:4)
  A fire elemental (Elf:2)
  A swamp worm (Swamp:2)
  4 foxfires (Swamp:2)
  23 fulminant prisms
  2 starspawn tentacles (Zig:12)
37 creatures vanquished.

Grand Total: 2905 creatures vanquished

Notes
Turn   | Place    | Note
-------+----------+-------------------------------------------
     0 | D:1      | shadizar the Djinni Conjurer began the quest for the Orb.
     0 | D:1      | shadizar set off with the following spells memorised: Magic
                  | Dart, Searing Ray, Fulminant Prism, Iskenderun's Mystic
                  | Blast.
     0 | D:1      | Reached XP level 1. HP: 15/15 MP: 0/0
   108 | D:1      | Reached XP level 2. HP: 15/21 MP: 0/0
   450 | D:1      | Found a faded altar of an unknown god.
   635 | D:1      | Reached XP level 3. HP: 21/25 MP: 0/0
   635 | D:1      | Learned a level 1 spell: Necrotise
  1314 | D:2      | Reached XP level 4. HP: 30/31 MP: 0/0
  1599 | D:2      | Noticed Robin
  1604 | D:2      | Killed Robin
  2351 | D:3      | Reached skill level 5 in Spellcasting
  2351 | D:3      | Reached skill level 5 in Conjurations
  2351 | D:3      | Reached skill level 5 in Hexes
  2351 | D:3      | Reached skill level 5 in Summonings
  2351 | D:3      | Reached skill level 5 in Necromancy
  2351 | D:3      | Reached skill level 5 in Translocations
  2351 | D:3      | Reached skill level 5 in Fire Magic
  2351 | D:3      | Reached skill level 5 in Ice Magic
  2351 | D:3      | Reached skill level 5 in Air Magic
  2351 | D:3      | Reached skill level 5 in Earth Magic
  2351 | D:3      | Reached skill level 5 in Alchemy
  2351 | D:3      | Reached XP level 5. HP: 32/35 MP: 0/0
  2351 | D:3      | Learned a level 2 spell: Momentum Strike
  2446 | D:3      | Found a runed translucent gate.
  2446 | D:3      | Found a runed translucent gate.
  2446 | D:3      | Found a runed translucent gate.
  2460 | D:3      | Noticed QuentJo's ghost (amateur HuFi)
  2567 | D:3      | Found a shadowy altar of Dithmenos.
  2711 | D:4      | Noticed Blork the orc
  2718 | D:4      | Killed Blork the orc
  2727 | D:4      | Reached XP level 6. HP: 16/40 MP: 0/0
  2984 | D:4      | Found Kiuhaub's Armour Boutique.
  3125 | D:4      | Found a sand-covered staircase.
  3132 | Ossuary  | Entered an ossuary
  3207 | Ossuary  | Reached XP level 7. HP: 18/45 MP: 0/0
  3207 | Ossuary  | Learned a level 3 spell: Inner Flame
  3692 | D:4      | Noticed Pikel
  3866 | D:4      | Killed Pikel
  3867 | D:4      | Reached XP level 8. HP: 22/50 MP: 0/0
  4227 | D:4      | Found a stormy altar of Qazlal.
  4630 | D:5      | Entered Level 5 of the Dungeon
  4914 | D:5      | Reached XP level 9. HP: 19/55 MP: 0/0
  4914 | D:5      | Learned a level 3 spell: Mephitic Cloud
  5466 | D:5      | Found a white marble altar of Elyvilon.
  6046 | D:6      | Found Viumomiseq's Antique Armour Shop.
  6063 | D:6      | Bought a glowing buckler for 150 gold pieces
  6063 | D:6      | Bought an embroidered cloak for 150 gold pieces
  6115 | D:6      | Noticed Sigmund
  6120 | D:6      | Killed Sigmund
  6142 | D:6      | Found Isai's Self-Improvement Boutique.
  6221 | D:6      | Found a bloodstained altar of Trog.
  6332 | D:6      | Found a staircase to the Ecumenical Temple.
  6338 | D:6      | Noticed Menkaure
  6344 | D:6      | Killed Menkaure
  6345 | D:6      | Reached skill level 1 in Fighting
  6345 | D:6      | Reached skill level 1 in Armour
  6345 | D:6      | Reached skill level 1 in Shields
  6352 | Temple   | Entered the Ecumenical Temple
  6366 | Temple   | Became a worshipper of Makhleb the Destroyer
  6763 | D:6      | Found a blossoming altar of Fedhas.
  7450 | D:7      | Reached XP level 10. HP: 54/64 MP: 0/0
  7507 | D:7      | Found a broken altar of Ashenzari.
  7610 | D:7      | Found an ornate altar of the Wu Jian Council.
  7722 | D:7      | Reached skill level 10 in Spellcasting
  7722 | D:7      | Reached skill level 10 in Conjurations
  7722 | D:7      | Reached skill level 10 in Hexes
  7722 | D:7      | Reached skill level 10 in Summonings
  7722 | D:7      | Reached skill level 10 in Necromancy
  7722 | D:7      | Reached skill level 10 in Translocations
  7722 | D:7      | Reached skill level 10 in Fire Magic
  7722 | D:7      | Reached skill level 10 in Ice Magic
  7722 | D:7      | Reached skill level 10 in Air Magic
  7722 | D:7      | Reached skill level 10 in Earth Magic
  7722 | D:7      | Reached skill level 10 in Alchemy
  8190 | D:8      | Found a staircase to the Lair.
  8319 | D:8      | Reached * piety under Makhleb
  8655 | D:8      | Found a runed translucent gate.
  8655 | D:8      | Found a runed translucent gate.
  8656 | D:8      | Found a runed translucent gate.
  8657 | D:8      | Noticed DEFE's ghost (novice CoFi)
  8767 | Lair:1   | Entered Level 1 of the Lair of Beasts
  8882 | Lair:1   | Reached skill level 5 in Dodging
  9075 | Lair:1   | Noticed a cane toad
  9082 | Lair:1   | Killed a cane toad
  9125 | Lair:1   | Reached XP level 11. HP: 63/74 MP: 0/0
  9125 | Lair:1   | Learned a level 5 spell: Fireball
  9273 | Lair:1   | Reached skill level 5 in Fighting
  9273 | Lair:1   | Reached skill level 5 in Armour
  9273 | Lair:1   | Reached skill level 5 in Stealth
  9661 | Lair:2   | Noticed Sonja
  9665 | Lair:2   | Killed Sonja
  9727 | Lair:2   | Identified a scroll of acquirement
  9727 | Lair:2   | Acquired the ring of Fyusoin {rElec rC+ Str+2 Int+6 Dex+2}
  9759 | Lair:2   | Found a frozen archway.
  9761 | Lair:2   | Reached ** piety under Makhleb
  9812 | IceCv    | Entered an ice cave
  9881 | IceCv    | Reached XP level 12. HP: 60/84 MP: 0/0
 10083 | IceCv    | Identified the +5 flail "Grim" {venom, Dex+5}
 10160 | IceCv    | Noticed a reaper
 10167 | IceCv    | Killed a reaper
 10437 | Lair:2   | Noticed a fire crab
 10437 | Lair:2   | Noticed a death yak
 10453 | Lair:2   | Killed a death yak
 10463 | Lair:2   | Killed a fire crab
 10525 | Lair:2   | Noticed a five-headed hydra
 10529 | Lair:2   | Killed a five-headed hydra
 10781 | Lair:2   | Noticed a seven-headed hydra
 10784 | Lair:2   | Killed a seven-headed hydra
 10879 | Lair:2   | Found a hole to the Spider Nest.
 10886 | Lair:2   | Reached XP level 13. HP: 72/92 MP: 0/0
 10886 | Lair:2   | Learned a level 5 spell: Silence
 11023 | Lair:3   | Noticed a five-headed hydra
 11027 | Lair:3   | Killed a five-headed hydra
 11043 | Lair:3   | Reached *** piety under Makhleb
 11285 | Lair:3   | Reached skill level 5 in Shields
 11286 | Lair:3   | Noticed an alligator
 11303 | Lair:3   | Killed an alligator
 11305 | Lair:3   | Found a staircase to the Swamp.
 11781 | Lair:4   | Noticed a seven-headed hydra
 11784 | Lair:4   | Killed a seven-headed hydra
 11926 | Lair:4   | Noticed an eight-headed hydra
 11932 | Lair:4   | Killed an eight-headed hydra
 12559 | Lair:5   | Entered Level 5 of the Lair of Beasts
 12653 | Lair:5   | Reached **** piety under Makhleb
 12844 | Lair:5   | Reached XP level 14. HP: 93/98 MP: 0/0
 12879 | Lair:5   | Reached skill level 15 in Ice Magic
 13071 | Lair:5   | Found a staircase to the Slime Pits.
 13361 | Lair:5   | Reached ***** piety under Makhleb
 13365 | Lair:5   | Reached skill level 10 in Dodging
 14292 | D:10     | Entered Level 10 of the Dungeon
 14363 | D:10     | Found a hazy altar of Hepliaklqana.
 14532 | D:10     | Found a hide-covered altar of Uskayaw.
 14757 | D:10     | Found a sparkling altar of Nemelex Xobeh.
 14782 | D:10     | Found a shimmering altar of Xom.
 15114 | D:10     | Noticed Erolcha
 15116 | D:10     | Killed Erolcha
 15368 | D:11     | Reached XP level 15. HP: 74/106 MP: 0/0
 15368 | D:11     | Learned a level 6 spell: Plasma Beam
 15801 | D:11     | Noticed Harold
 15806 | D:11     | Killed Harold
 16147 | D:12     | Reached skill level 10 in Fighting
 16263 | D:12     | Noticed Nessos
 16269 | D:12     | Killed Nessos
 16482 | D:12     | Reached ****** piety under Makhleb
 16596 | D:12     | Found a staircase to the Orcish Mines.
 17088 | Orc:1    | Entered Level 1 of the Orcish Mines
 17104 | Orc:1    | Found Besmuepp's General Store.
 17156 | Orc:1    | Identified the +0 great mace "Efost" {vamp, Int+6}
 17156 | Orc:1    | Noticed Autsider's ghost (journeyman TrFi)
 17157 | Orc:1    | Found a transporter.
 17394 | Orc:1    | You are sucked into a shaft and drop 1 floor!
 17394 | Orc:2    | Entered Level 2 of the Orcish Mines
 17514 | Orc:2    | Found a staircase to the Elven Halls.
 17880 | Orc:2    | Found Vefuott's Magic Scroll Boutique.
 17897 | Orc:2    | Found Wezut's General Store.
 18249 | Orc:2    | Reached XP level 16. HP: 87/115 MP: 0/0
 18286 | Orc:2    | Reached skill level 15 in Spellcasting
 18286 | Orc:2    | Reached skill level 15 in Conjurations
 18286 | Orc:2    | Reached skill level 15 in Hexes
 18286 | Orc:2    | Reached skill level 15 in Summonings
 18286 | Orc:2    | Reached skill level 15 in Necromancy
 18286 | Orc:2    | Reached skill level 15 in Translocations
 18286 | Orc:2    | Reached skill level 15 in Fire Magic
 18286 | Orc:2    | Reached skill level 15 in Air Magic
 18286 | Orc:2    | Reached skill level 15 in Earth Magic
 18286 | Orc:2    | Reached skill level 15 in Alchemy
 18289 | Orc:2    | Found Kiergh's Antique Armour Emporium.
 18289 | Orc:2    | Found Itapnouk's Book Shoppe.
 18290 | Orc:2    | Found a one-way gate leading to the halls of Pandemonium.
 18292 | Orc:2    | Bought a pair of runed gloves for 165 gold pieces
 18292 | Orc:2    | Bought a brightly glowing scale mail for 198 gold pieces
 18292 | Orc:2    | Identified the +3 scale mail "Irran" {rElec} (You bought it
                  | in a shop on level 2 of the Orcish Mines)
 18684 | Orc:1    | Found a transporter.
 18949 | Orc:1    | Killed Autsider's ghost
 19468 | D:13     | Reached skill level 10 in Armour
 19483 | D:13     | Found a gate to the Vaults.
 19602 | D:13     | Noticed Kirke
 19605 | D:13     | Killed Kirke
 19638 | D:13     | Found a portal to a secret trove of treasure.
 20048 | Spider:1 | Entered Level 1 of the Spider Nest
 20048 | Spider:1 | Noticed an emperor scorpion
 20056 | Spider:1 | Killed an emperor scorpion
 20235 | Spider:1 | Reached skill level 10 in Shields
 20247 | Spider:1 | Reached XP level 17. HP: 98/121 MP: 0/0
 20247 | Spider:1 | Learned a level 6 spell: Starburst
 22524 | Spider:3 | Reached XP level 18. HP: 128/128 MP: 0/0
 22774 | Spider:4 | Entered Level 4 of the Spider Nest
 23377 | Spider:4 | Got a gossamer rune of Zot
 23607 | Swamp:1  | Entered Level 1 of the Swamp
 23664 | Swamp:1  | Noticed Frances
 23695 | Swamp:1  | Noticed Nikola
 23706 | Swamp:1  | Killed Frances
 23709 | Swamp:1  | Killed Nikola
 23752 | Swamp:1  | Reached XP level 19. HP: 129/136 MP: 0/0
 23752 | Swamp:1  | Learned a level 6 spell: Dispersal
 23780 | Swamp:1  | Found the +8 mithril axe "Arga" {speed, Will+}
 24823 | D:6      | Bought a manual of Fighting for 1200 gold pieces
 25429 | Swamp:4  | Entered Level 4 of the Swamp
 25853 | Swamp:4  | Got a decaying rune of Zot
 26392 | Slime:1  | Entered Level 1 of the Pits of Slime
 26394 | Slime:1  | Gained mutation: Your body sometimes deteriorates upon
                  | taking damage. [a shining eye]
 26397 | Slime:1  | Gained mutation: You are partially covered in large bone
                  | plates. (SH +4) [a shining eye]
 26400 | Slime:1  | Reached XP level 20. HP: 136/148 MP: 0/0
 26436 | Slime:2  | Noticed Dissolution
 26447 | Slime:2  | Killed Dissolution
 26448 | Slime:2  | Reached skill level 15 in Fighting
 26742 | Slime:1  | Found a viscous altar of Jiyva.
 28199 | Slime:5  | Entered Level 5 of the Pits of Slime
 28230 | Slime:5  | Noticed the Royal Jelly
 28407 | Slime:5  | Gained mutation: Your spells are a little easier to cast,
                  | but a little less powerful. [a shining eye]
 28585 | Slime:5  | Found a viscous altar of Jiyva.
 28803 | Slime:5  | Killed the Royal Jelly
 28804 | Slime:5  | Reached XP level 21. HP: 151/158 MP: 0/0
 28804 | Slime:5  | Learned a level 7 spell: Ozocubu's Refrigeration
 29171 | Slime:5  | Identified the +0 robe of the Beginning {Str+5}
 29195 | Slime:5  | Identified the +7 mace "Ojothrejo" {venom, rPois MP+9}
 29215 | Slime:5  | Identified the +1 ring mail of Dishonesty {^Drain rPois rC+
                  | rN+}
 29258 | Slime:5  | Identified the +0 leather armour of Vurulem {rPois}
 29266 | Slime:5  | Identified the +2 robe of Lugonu's Favour {Int+5}
 29268 | Slime:5  | Got a slimy rune of Zot
 29336 | Slime:5  | Reached XP level 22. HP: 166/166 MP: 0/0
 29338 | Slime:5  | Reached XP level 23. HP: 173/173 MP: 0/0
 29338 | Slime:5  | Learned a level 7 spell: Spellforged Servitor
 29871 | D:14     | Noticed Jorgrun
 30087 | D:14     | Killed Jorgrun
 30356 | D:14     | Identified the +7 chain mail of the Black Skies {rElec}
 30716 | Elf:1    | Entered Level 1 of the Elven Halls
 31325 | Elf:1    | Reached skill level 15 in Shields
 31787 | Elf:2    | Found a runed translucent gate.
 31788 | Elf:2    | Found a runed translucent gate.
 31788 | Elf:2    | Found a runed translucent gate.
 32365 | Elf:2    | Paralysed by an air elemental for 1 turns
 32616 | Elf:2    | Reached XP level 24. HP: 114/184 MP: 0/0
 32999 | Elf:3    | Entered Level 3 of the Elven Halls
 33787 | Elf:3    | Identified the +11 halberd of Quosoter {holy, Str+4 Int+4}
 33907 | Elf:3    | Identified the +2 sling of Xom's Esteem {drain, rPois rC-
                  | Int+5 SInv}
 33969 | Elf:3    | Identified the +1 pair of gloves "Sueniderr" {Harm Str-5
                  | Dex+5 Slay+3}
 33983 | Elf:3    | Identified the +1 cloak of Minor Irritation {-Tele rElec
                  | Int+5}
 34006 | Elf:3    | Identified the staff "Poiziadd" {Fly rC+ Conj Fire Ice}
 34015 | Elf:3    | Identified the +4 shortbow of Hepliaklqana's Delight
                  | {drain, ^Fragile rPois Will+ Str+3}
 34024 | Elf:3    | Identified the staff "Dunletz" {rC+ Fire Ice}
 34477 | Vaults:1 | Entered Level 1 of the Vaults
 34753 | Vaults:1 | Reached skill level 15 in Armour
 34895 | Vaults:1 | Identified the +1 ring mail "Hiofeph" {Rampage MP-9 Int+7
                  | Dex-2}
 35107 | Vaults:1 | Reached XP level 25. HP: 182/191 MP: 0/0
 35107 | Vaults:1 | Learned a level 8 spell: Ignition
 35509 | Vaults:2 | Noticed Sojobo
 35521 | Vaults:2 | Killed Sojobo
 35766 | Vaults:2 | Reached skill level 27 in Ice Magic
 36899 | Vaults:2 | Found a staircase to the Crypt.
 37089 | Vaults:3 | Noticed Saint Roka
 37094 | Vaults:3 | Killed Saint Roka
 37316 | Vaults:3 | You are sucked into a shaft and drop 1 floor!
 37745 | Vaults:4 | Reached XP level 26. HP: 193/197 MP: 0/0
 38529 | Vaults:3 | Identified the +7 rapier "Bienaorph" {protect, rElec rPois
                  | rCorr Int-3}
 38599 | Vaults:3 | Noticed Margery
 38603 | Vaults:3 | Killed Margery
 39210 | D:6      | Bought a manual of Spellcasting for 1200 gold pieces
 39549 | Vaults:5 | Entered Level 5 of the Vaults
 39913 | Vaults:5 | Reached XP level 27. HP: 191/203 MP: 0/0
 39913 | Vaults:5 | Learned a level 9 spell: Dragon's Call
 39913 | Vaults:5 | Identified the +0 robe of Ru {rElec Will- Str+9 Stlth-}
 39945 | Vaults:5 | Noticed an ancient lich
 39945 | Vaults:5 | Identified the +4 quarterstaff "Hawitz" {pain, ^Fragile
                  | rPois Str+5}
 39962 | Vaults:5 | Killed an ancient lich
 40273 | Vaults:5 | Identified the +7 halberd of Hill {venom, rPois}
 40326 | Vaults:5 | Identified the +8 trident "Guag" {freeze, rPois rF+ Str+4
                  | Dex-4}
 40457 | Vaults:5 | Found Waroogh's Distillery.
 40462 | Vaults:5 | Bought a potion of heal wounds for 100 gold pieces
 40669 | Vaults:5 | Got a silver rune of Zot
 40931 | Vaults:5 | Identified the ring of the Voivode {Wiz Dex+4}
 40938 | Vaults:5 | Identified the +6 dire flail of Sualal {speed, rPois Int+2}
 41262 | D:15     | Entered Level 15 of the Dungeon
 41327 | D:15     | Identified the +2 robe of Cihoin {Harm Dex+4}
 41819 | D:15     | Found a staircase to the Depths.
 42216 | Depths:1 | Entered Level 1 of the Depths
 42228 | Depths:1 | Identified the +4 robe of Submission {Int+2 Archmagi}
 42228 | Depths:1 | Noticed Boris
 42236 | Depths:1 | Killed Boris
 42369 | Depths:1 | Reached skill level 27 in Spellcasting
 42456 | Depths:1 | Found a one-way gate to the infinite horrors of the Abyss.
 42548 | Depths:1 | Found Kusu Fiv's Armour Boutique.
 42648 | Depths:1 | Found a gateway to Hell.
 42688 | Depths:1 | Noticed Bai Suzhen
 42694 | Depths:1 | Killed Bai Suzhen
 42695 | Depths:1 | Reached skill level 15 in Dodging
 43219 | Hell     | Entered the Vestibule of Hell
 43219 | Hell     | Noticed Geryon
 43220 | Hell     | Noticed Murray
 43227 | Hell     | Killed Geryon
 43369 | Hell     | Killed Murray
 43512 | Hell     | Found a gateway to the decaying netherworld of Tartarus.
 43649 | Hell     | Found a gateway to the ashen valley of Gehenna.
 43900 | Hell     | Found a gateway to the Iron City of Dis.
 43965 | Hell     | Found a gateway to the freezing wastes of Cocytus.
 44401 | Depths:2 | Noticed Mara
 44408 | Depths:2 | Killed Mara
 44622 | Depths:2 | Reached skill level 10 in Stealth
 44666 | Depths:2 | Identified the +7 morningstar of Gravity {vamp, rPois
                  | Str+2}
 44688 | Depths:2 | Noticed Asterion
 44690 | Depths:2 | Killed Asterion
 44754 | Depths:2 | Identified the +5 dagger "Rainwen" {drain, rPois rC+ Int+3}
 45281 | Depths:3 | Identified the orb "Roheq" {*channel, Alchemy}
 45281 | Depths:3 | Noticed Frederick
 45292 | Depths:3 | Killed Frederick
 45429 | Depths:3 | Identified the +4 robe of the Griffon {rF+ SInv}
 45429 | Depths:3 | Noticed Boris
 45433 | Depths:3 | Killed Boris
 45634 | Depths:3 | Found a shimmering altar of Xom.
 45634 | Depths:3 | Found a one-way gateway to a ziggurat.
 45885 | Depths:4 | Entered Level 4 of the Depths
 45885 | Depths:4 | Noticed Jory
 45891 | Depths:4 | Noticed a juggernaut
 45897 | Depths:4 | Killed a juggernaut
 45899 | Depths:4 | Killed Jory
 45940 | Depths:4 | Found the dreamshard necklace {Acrobat *Dream}
 46033 | Depths:4 | Found a corrupted altar of Lugonu.
 46678 | Depths:4 | Found a gate to the Realm of Zot.
 46926 | Geh:1    | Entered Level 1 of Gehenna
 46926 | Geh:1    | Noticed an ancient lich
 46947 | Geh:1    | Killed an ancient lich
 47500 | Zig:1    | Entered Level 1 of a ziggurat
 47519 | Zig:2    | Entered Level 2 of a ziggurat
 47549 | Zig:3    | Entered Level 3 of a ziggurat
 47549 | Zig:3    | Noticed a Killer Klown
 47552 | Zig:3    | Killed a Killer Klown
 47570 | Zig:4    | Entered Level 4 of a ziggurat
 47596 | Zig:5    | Entered Level 5 of a ziggurat
 47598 | Zig:5    | Noticed an ancient lich
 47606 | Zig:5    | Killed an ancient lich
 47614 | Zig:5    | Identified the ring "Zaups" {rC+ Will+ Int+3}
 47624 | Zig:5    | Identified the staff of the Wary Suns {rC+ Fire Ice}
 47639 | Zig:6    | Entered Level 6 of a ziggurat
 47641 | Zig:6    | Noticed Nenoq the pandemonium lord
 47643 | Zig:6    | Reached skill level 27 in Alchemy
 47648 | Zig:6    | Killed Nenoq the pandemonium lord
 47688 | Zig:7    | Entered Level 7 of a ziggurat
 47689 | Zig:7    | Noticed a shard shrike
 47690 | Zig:7    | Killed a shard shrike
 47691 | Zig:7    | Noticed a dread lich
 47693 | Zig:7    | Killed a dread lich
 47729 | Zig:8    | Entered Level 8 of a ziggurat
 47733 | Zig:8    | Noticed Tastaceh the pandemonium lord
 47742 | Zig:8    | Killed Tastaceh the pandemonium lord
 47827 | Zig:9    | Entered Level 9 of a ziggurat
 47860 | Zig:9    | Identified the amulet of Maegigir {Faith rElec Will-
                  | Regen+}
 47862 | Zig:9    | Identified the +0 leather armour of Misanthropy {^Contam
                  | Rampage rPois rC+++}
 47868 | Zig:9    | Identified the +5 great sword of Tenacity {antimagic,
                  | +Blink rF+ Int+2}
 47939 | Zig:10   | Entered Level 10 of a ziggurat
 48042 | Zig:11   | Entered Level 11 of a ziggurat
 48090 | Zig:11   | Identified the +0 rapier "Gram" {heavy, rElec}
 48128 | Zig:12   | Entered Level 12 of a ziggurat
 48159 | Zig:12   | Found the +8 lance "Wyrmbane" {slay drac, rPois rF+ rC+
                  | AC+3}
 48208 | Zig:13   | Entered Level 13 of a ziggurat
 48255 | Zig:13   | Identified the +4 trident "Mozia" {pain, rF+ Dex+4}
 48342 | Zig:14   | Entered Level 14 of a ziggurat
 48356 | Zig:14   | Noticed Yvech the pandemonium lord
 48359 | Zig:14   | Killed Yvech the pandemonium lord
 48408 | Zig:14   | Identified the +1 dagger "Doakon" {drain, rCorr}
 48507 | Zig:15   | Entered Level 15 of a ziggurat
 48552 | Zig:15   | Found the crystal ball of Wucad Mu {*channel}
 48584 | Zig:15   | Identified the +4 whip "Ywnonuw" {antimagic, rF+ rN+}
 48587 | Zig:15   | Identified the +1 helmet of Dishonesty {Int+3}
 48597 | Zig:16   | Entered Level 16 of a ziggurat
 48633 | Zig:16   | Identified the +1 leather armour of the Wild Haggis {rElec
                  | Will+ Int+2 Dex-3}
 48658 | Zig:16   | Identified the +6 long sword of the Lamprey {venom, rElec
                  | rPois Stlth+}
 48678 | Zig:17   | Entered Level 17 of a ziggurat
 48693 | Zig:17   | Reached skill level 15 in Stealth
 48888 | Zig:17   | Identified the staff "Qung" {SInv Earth}
 48905 | Zig:17   | Identified the +8 orcbow of Qixzuh {speed, rElec rN+}
 48936 | Zig:18   | Entered Level 18 of a ziggurat
 48944 | Zig:18   | Noticed a shard shrike
 48946 | Zig:18   | Killed a shard shrike
 48948 | Zig:18   | Noticed a shard shrike
 48951 | Zig:18   | Killed a shard shrike
 48952 | Zig:18   | Reached skill level 27 in Conjurations
 48952 | Zig:18   | Reached skill level 27 in Hexes
 48952 | Zig:18   | Reached skill level 27 in Summonings
 48952 | Zig:18   | Reached skill level 27 in Necromancy
 48952 | Zig:18   | Reached skill level 27 in Translocations
 48952 | Zig:18   | Reached skill level 27 in Fire Magic
 48952 | Zig:18   | Reached skill level 27 in Air Magic
 48952 | Zig:18   | Reached skill level 27 in Earth Magic
 48966 | Zig:18   | Noticed a shard shrike
 48969 | Zig:18   | Killed a shard shrike
 48985 | Zig:18   | Found the necklace of Bloodlust {Fury *Rage Will++ Int-3
                  | Slay+6}
 49010 | Zig:18   | Identified the ring of Huar {Fly rCorr Dex+3}
 49056 | Zig:19   | Entered Level 19 of a ziggurat
 49071 | Zig:19   | Noticed an ancient lich
 49073 | Zig:19   | Noticed an ancient lich
 49073 | Zig:19   | Noticed a dread lich
 49075 | Zig:19   | Killed an ancient lich
 49075 | Zig:19   | Killed an ancient lich
 49078 | Zig:19   | Noticed an ancient lich
 49080 | Zig:19   | Killed a dread lich
 49081 | Zig:19   | Noticed a dread lich
 49084 | Zig:19   | Killed a dread lich
 49085 | Zig:19   | Killed an ancient lich
 49085 | Zig:19   | Noticed a dread lich
 49087 | Zig:19   | Killed a dread lich
 49094 | Zig:19   | Noticed an ancient lich
 49097 | Zig:19   | Killed an ancient lich
 49131 | Zig:19   | Found the +6 arbalest "Damnation" {damnation}
 49133 | Zig:19   | Found the -2 hat of the Alchemist {rElec rPois rF+ rC+ rN+
                  | Will+ rMut rCorr}
 49168 | Zig:19   | Identified the +9 plate armour of the Postmodern Tales
                  | {Will++}
 49221 | Zig:20   | Entered Level 20 of a ziggurat
 49292 | Zig:20   | Identified the amulet of Contentment {Regen+ Int+4}
 49340 | Zig:20   | Identified the +0 sling of Autumn {freeze, rPois rN+}
 49361 | Zig:20   | Acquired a manual of Stealth
 49372 | Zig:21   | Entered Level 21 of a ziggurat
 49470 | Zig:21   | Identified the staff of Dishonour {rF+ Dex+3 Fire Ice Air}
 49502 | Zig:21   | Identified the staff of Spores {rC+ Will+ Int+2 Ice
                  | Alchemy}
 49510 | Zig:21   | Identified the amulet of Elyvilon's Whim {Reflect rElec rF+
                  | rC- Dex+3 SH+5 Stlth+}
 49515 | Zig:21   | Identified the amulet of Jivvell {Reflect Regen+ SH+5}
 49584 | Zig:22   | Entered Level 22 of a ziggurat
 49596 | Zig:22   | Noticed a royal mummy
 49598 | Zig:22   | Killed a royal mummy
 49598 | Zig:22   | Noticed a royal mummy
 49600 | Zig:22   | Noticed a royal mummy
 49601 | Zig:22   | Killed a royal mummy
 49601 | Zig:22   | Noticed a royal mummy
 49602 | Zig:22   | Killed a royal mummy
 49602 | Zig:22   | Noticed a royal mummy
 49602 | Zig:22   | Noticed a royal mummy
 49603 | Zig:22   | Killed a royal mummy
 49603 | Zig:22   | Noticed a royal mummy
 49604 | Zig:22   | Killed a royal mummy
 49605 | Zig:22   | Killed a royal mummy
 49605 | Zig:22   | Killed a royal mummy
 49606 | Zig:22   | Noticed a royal mummy
 49606 | Zig:22   | Noticed a royal mummy
 49607 | Zig:22   | Killed a royal mummy
 49608 | Zig:22   | Noticed a royal mummy
 49609 | Zig:22   | Killed a royal mummy
 49610 | Zig:22   | Noticed a royal mummy
 49616 | Zig:22   | HP: 4/216 [spore (20)]
 49619 | Zig:22   | Killed a royal mummy
 49621 | Zig:22   | Killed a royal mummy
 49624 | Zig:22   | Killed a royal mummy
 49789 | Zig:22   | Found the +8 demon blade "Leech" {evervamp, Harm ^Drain
                  | rN+}
 49803 | Zig:22   | Identified the +0 pair of gloves of the Storm King {Int+3}
 49804 | Zig:22   | Identified the staff "Onoten" {rN+ Dex+2 Necro}
 49813 | Zig:22   | Identified the +4 scimitar of Ashenzari's Approval {chaos,
                  | rElec rCorr Int+5}
 49829 | Zig:22   | Identified the ring "Waec" {Wiz ^Contam rN+ rCorr Int+3}
 49855 | Zig:23   | Entered Level 23 of a ziggurat
 49924 | Zig:23   | Identified the +0 robe "Siuman" {rN++}
 49973 | Zig:24   | Entered Level 24 of a ziggurat
 49998 | Zig:24   | Noticed Gihul the pandemonium lord
 50007 | Zig:24   | Killed Gihul the pandemonium lord
 50011 | Zig:24   | HP: 8/225 [Hell Sentinel/damnation (25)]
 50029 | Zig:24   | Killed from afar by a starcursed mass

Illustrated notes

Levels and vault maps discovered:
D:1:      reono_arrival_mine, layout_basic,
          dreamdust_ecumenical_altar_hidden_monk_grotto, serial_bayou_lagoon_a,
          st_stairs_8, serial_bayou_pond_e
D:2:      layout_loops_cross, uniq_robin
D:3:      layout_rooms, lemuel_coloured_pillars_altar,
          gammafunk_ghost_necromancy, minmay_door_square
D:4:      layout_basic, lemuel_round_altar, enter_ossuary_1, serial_aquarium,
          aquarium_bridge_square [aquarium_subvault_bridge,
          aquarium_subvault_wall, aquarium_subvault_window,
          aquarium_subvault_bridge], aquarium_bridge_straight
          [aquarium_subvault_bridge, aquarium_subvault_window,
          aquarium_subvault_bridge, aquarium_subvault_wall],
          aquarium_window_fake, aquarium_window_corridor_1, aquarium_view_2f,
          aquarium_view_2f, serial_shops, nicolae_shop_hallway_plus,
          nicolae_letterblocks [nicolae_letter_subblock,
          nicolae_letter_subblock, nicolae_letter_subblock,
          nicolae_letter_subblock, nicolae_letter_subblock,
          nicolae_letter_subblock, nicolae_letter_subblock,
          nicolae_letter_subblock, nicolae_letter_subblock,
          nicolae_letter_subblock, nicolae_letter_subblock,
          nicolae_letter_subblock, nicolae_letter_subblock,
          nicolae_letter_subblock, nicolae_letter_subblock,
          nicolae_letter_subblock, nicolae_letter_subblock,
          nicolae_letter_subblock, nicolae_letter_subblock,
          nicolae_letter_subblock, nicolae_letter_subblock,
          nicolae_letter_subblock, nicolae_letter_subblock,
          nicolae_letter_subblock, nicolae_letter_subblock], uniq_pikel,
          uniq_blork_the_orc
D:5:      layout_loops_ring, kennysheep_mini_moat,
          nicolae_elyvilon_peaceful_grove
D:6:      layout_basic, fedhas_altar_decomposition, bloody_trog,
          temple_fountains, serial_shops, shop, nicolae_shop_self_help,
          uniq_sigmund, uniq_menkaure
D:7:      layout_loops_corners, nicolae_ashenzari_skybound,
          kennysheep_little_box, mainiacjoe_overflow_swirl,
          nrook_mini_backslash, minmay_crystal_room
D:8:      layout_gridville, lair_entry_dummy, gammafunk_ghost_spectres
D:9:      layout_roguey
D:10:     layout_basic, marbit_many_paths, eat_drink_and_be_merry_uskayaw,
          mainiacjoe_overflow_six_doors_small, mainiacjoe_overflow_alcove_1,
          dreamdust_princess_bridge, uniq_erolcha
D:11:     layout_basic, dk_vineyard_2, kennysheep_small_circle, uniq_harold
D:12:     layout_loops_corners, erik_orc_2, minmay_splitting_lines,
          minivault_20, uniq_nessos
D:13:     layout_grid_maze, grunt_vaults_entry_tiered, enter_trove_0, uniq_kirke
D:14:     layout_rooms, grunt_decor_clamped, uniq_jorgrun
D:15:     gammafunk_enter_depths_forms, layout_basic
Temple:   nicolae_temple_colour_theory
Lair:1:   layout_loops_ring
Lair:2:   layout_hall_layers, spider_nest_entry_funnel_web,
          portal_ice_cave_rime, minmay_shattered_shrine, lemuel_fruit_tree,
          serial_bayou_shore_b, uniq_sonja
Lair:3:   layout_roguey, mainiacjoe_swamp_entry_lozenge_pond
Lair:4:   layout_regular_city
Lair:5:   grunt_lair_end_beastmaster, layout_big_grid, slime_entry_1
Swamp:1:  layout_basic_swamp, evilmike_swamp_ruin_rubble_1, swamp_pool_5,
          nicolae_swamp_catching_bugs, uniq_nikola, uniq_frances
Swamp:2:  layout_falls_marsh, evilmike_swamp_ruin_rubble_2,
          nicolae_swamp_tree_isthmus, infiniplex_staircase_pool
Swamp:3:  layout_falls_marsh, evilmike_swamp_ruin_house_5
Swamp:4:  swamp_basic_johnstein, layout_basic_swamp,
          nicolae_swamp_soggy_hallways, infiniplex_staircase_pool_2
Spider:1: nicolae_spider_hilbert_zone_3 [nicolae_spider_hilbert_4_sides_2_open,
          nicolae_spider_hilbert_3_sides_1_open,
          nicolae_spider_hilbert_3_sides_1_open,
          nicolae_spider_hilbert_3_sides_1_open,
          nicolae_spider_hilbert_3_sides_1_open,
          nicolae_spider_hilbert_4_sides_1_open,
          nicolae_spider_hilbert_4_sides_1_open,
          nicolae_spider_hilbert_4_sides_1_open,
          nicolae_spider_hilbert_4_sides_1_open,
          nicolae_spider_hilbert_4_sides_1_open,
          nicolae_spider_hilbert_4_sides_1_open,
          nicolae_spider_hilbert_4_sides_1_open,
          nicolae_spider_hilbert_4_sides_1_open,
          nicolae_spider_hilbert_3_sides_1_open,
          nicolae_spider_hilbert_3_sides_1_open,
          nicolae_spider_hilbert_3_sides_1_open,
          nicolae_spider_hilbert_3_sides_1_open],
          nicolae_spider_not_touching_you
Spider:2: layout_spider_delve, guppyfry_hornet_nest
Spider:3: layout_spider_delve
Spider:4: guppyfry_spider_rune
Slime:1:  nicolae_slime_pool, layout_caves, basic_altar,
          cheibrodos_slime_lost_civilization_6
Slime:2:  layout_caves, dissolution_awaits
Slime:3:  layout_caves
Slime:4:  layout_caves
Slime:5:  slime_pit_nicolae_trefoil, uniq_dissolution
Orc:1:    layout_diamond_mine, gammafunk_ghost_smash, serial_shops,
          nicolae_shop_crystal, guppyfry_orc_lava_fort
Orc:2:    pf_orc_diabolical, layout_diamond_mine, blackcustard_rock_pile
Elf:1:    minmay_elf_arrival_plus, layout_geoelf_octagon,
          nicolae_elf_crossing_hall, nicolae_elf_variegated_diamond
Elf:2:    nicolae_elf_blades_crystal_corner, layout_loops_corners, st_stairs_14
Elf:3:    grunt_elf_hall_asides, layout_geoelf_castle
Vaults:1: nicolae_vaults_little_squares_4, lightli_orcish_oven,
          nicolae_vaults_turnstiles, nicolae_vaults_circle_grid_a,
          nicolae_vaults_asterisk, vaults_room_stairs_pillars, vaults_room_grid,
          dpeg_vaults_monster_box, hangedman_vaults_snaps,
          nicolae_vaults_shipping_containers_7, v_misc_5,
          nicolae_vaults_diamond_1, nicolae_vaults_six-pack,
          layout_vaults_big_room
Vaults:2: nicolae_vaults_network_s, nicolae_vaults_heart-shaped_vault,
          v_misc_26, nicolae_vaults_swerve, minmay_crypt_entry_simple_box,
          vaults_room_pool, nicolae_vaults_diagonal_hallway_7,
          nicolae_vaults_storage_closets_3, ontoclasm_vaults_claustrophobia,
          vaults_room_fours, nicolae_vaults_mini_display_case, serial_ice_h,
          nicolae_vaults_double_plus_1, layout_vaults_omnigrid, uniq_sojobo
Vaults:3: nicolae_vaults_fighting_squares, v_pattern_5, vaults_room_door_hall,
          ontoclasm_vaults_pinch, nicolae_vaults_sesquioval_fish,
          vaults_room_door_hall, nicolae_vaults_mitosis,
          nicolae_vaults_weapon_check, nicolae_vaults_apartment_1,
          vaults_room_pools, layout_vaults_ring, uniq_margery, uniq_saint_roka
Vaults:4: v_misc_9, v_misc_14, nicolae_vaults_security_offices_2,
          nicolae_vaults_network_barrier, hangedman_vaults_capsules,
          hangedman_vaults_impose, nicolae_vaults_double_plus_1,
          nicolae_vaults_tangram_2, nicolae_vaults_prndl,
          nicolae_vaults_apartment_2, layout_vaults_omnibox
Vaults:5
Depths:1: layout_basic, rand_demon_pan_entry_3, hellmouth_3,
          kiku_gazebo_pond_becter, abyss_entry, serial_shops, shop,
          minivault_14, st_stairs_6, serial_library_hellmonk_reading_circle,
          dispersion_dpeg, infiniplex_staircase_pool_lava, uniq_boris,
          uniq_bai_suzhen
Depths:2: minmay_bad_star, layout_basic, hell_entry, grunt_pan_entry_in_and_out,
          infiniplex_staircase_zigzag_2, uniq_mara, uniq_asterion
Depths:3: kennysheep_bubbly, layout_cave_shapes, enter_ziggurat_a, abyss_entry,
          hell_entry, serial_glass, glass_columns_a, glass_columns_a,
          minivault_14, xom_confusion_cloud, uniq_frederick
Depths:4: grunt_zot_entry_hairpin, layout_cave_shapes,
          serial_library_hellmonk_secret_room, abyss_entry_flame_altar,
          pf_hell_entry_great_geh, rand_demon_pan_entry_9, st_stairs_8,
          hex_large, uniq_jory
Hell
Geh:1:    layout_gehenna_lava_caves
Geh:2:    layout_gehenna_lava_caves
Zig:24:   ziggurat_pillar_centre_dispersal, ziggurat_pillar_centre_dispersal,
          ziggurat_pillar_centre_dispersal, ziggurat_pillar_centre_dispersal

Skill      XL: |  1  2  3  4  5  6  7  8  9 10 11 12 13 14 15 16 17 18 19 20 21 22 23 24 25 26 27 |
---------------+----------------------------------------------------------------------------------+-----
Spellcasting   | 4 5 6 8 9 10 12 14 15 17 18 19 20 21 24 27 | 27.0
Conjurations   | 4 5 6 8 9 10 12 14 15 17 18 19 20 21 23 27 | 27.0
Hexes          | 4 5 6 8 9 10 12 14 15 17 18 19 20 21 23 27 | 27.0
Summonings     | 4 5 6 8 9 10 12 14 15 17 18 19 20 21 23 27 | 27.0
Necromancy     | 4 5 6 8 9 10 12 14 15 17 18 19 20 21 23 27 | 27.0
Translocations | 4 5 6 8 9 10 12 14 15 17 18 19 20 21 23 27 | 27.0
Fire Magic     | 4 5 6 8 9 10 12 14 15 17 18 19 20 21 23 27 | 27.0
Ice Magic      | 4 5 6 8 9 10 14 16 18 19 21 22 24 25 26 27 | 27.0
Air Magic      | 4 5 6 8 9 10 12 14 15 17 18 19 20 21 23 27 | 27.0
Earth Magic    | 4 5 6 8 9 10 12 14 15 17 18 19 20 21 23 27 | 27.0
Alchemy        | 4 5 6 8 9 10 12 14 15 17 18 19 20 21 23 27 | 27.0
Fighting       | 2 4 6 7 8 9 10 11 12 14 16 17 18 19 26 | 26.4
Armour         | 2 4 6 7 8 9 11 13 14 15 16 19 | 19.0
Stealth        | 2 4 6 7 19 | 19.2
Shields        | 2 4 5 7 10 11 12 14 15 16 17 20 | 20.3
Dodging        | 3 5 7 9 10 11 12 13 14 23 | 23.4

Action                     |  1- 3 |  4- 6 |  7- 9 | 10-12 | 13-15 | 16-18 | 19-21 | 22-24 | 25-27 || total
---------------------------+-------+-------+-------+-------+-------+-------+-------+-------+-------++-------
  Melee: Unarmed           |     2 |       |       |       |       |       |       |       |       ||     2
         Staff             |       |       |    38 |     2 |       |       |       |       |     2 ||    42
   Cast: Magic Dart        |    79 |   107 |   148 |   128 |       |       |       |    13 |     8 ||   483
         Searing Ray       |     1 |     7 |     3 |       |       |       |       |       |       ||    11
         Fulminant Prism   |       |     3 |     2 |    19 |       |       |       |       |       ||    24
         Iskenderun's Myst |       |     3 |    60 |   133 |    77 |    94 |    79 |   107 |   103 ||   656
         Fireball          |       |       |       |    51 |   229 |     7 |     9 |     3 |     6 ||   305
         Mephitic Cloud    |       |       |       |     1 |       |       |       |       |       ||     1
         Plasma Beam       |       |       |       |       |   178 |   360 |   331 |   317 |   858 ||  2044
         Starburst         |       |       |       |       |       |     1 |     2 |     3 |     3 ||     9
         Ozocubu's Refrige |       |       |       |       |       |       |       |    52 |   220 ||   272
         Ignition          |       |       |       |       |       |       |       |       |   276 ||   276
         Dragon's Call     |       |       |       |       |       |       |       |       |    16 ||    16
         Spellforged Servi |       |       |       |       |       |       |       |       |     4 ||     4
    Use: Scroll            |       |       |       |    11 |    11 |     2 |     3 |     4 |    12 ||    43
         Potion            |       |       |       |       |       |       |     5 |     1 |    24 ||    30
 Armour: Robe              |    11 |    40 |    33 |       |       |       |       |       |    89 ||   173
         Leather armour    |       |       |     7 |    36 |    20 |       |       |       |       ||    63
         Ice dragon scales |       |       |       |       |       |    76 |    63 |    97 |    87 ||   323
  Dodge: Dodged            |     2 |    29 |    20 |    14 |    16 |    30 |    14 |    21 |    52 ||   198
  Block: Buckler           |       |       |     2 |    12 |    13 |    33 |     6 |       |       ||    66
         Reflection        |       |       |       |     2 |     8 |     1 |       |       |     3 ||    14
         Kite shield       |       |       |       |       |       |       |    13 |    11 |       ||    24
         Tower shield      |       |       |       |       |       |       |       |    79 |   296 ||   375

Table legend: (Time is in decaauts)
 A = Elapsed time spent in this place.
 B = Non-inter-level travel time spent in this place.
 C = Inter-level travel time spent in this place.
 D = Time resting spent in this place.
 E = Time spent auto-exploring this place.
 F = Levels seen in this place.
 G = Mean time per level.
                   A        B        C        D        E       F      G
               +--------+--------+--------+--------+--------+-----+--------+
         Total |  50087 |  46368 |   3719 |    100 |  34798 |  77 |  650.5 |
       Dungeon |  15067 |  13580 |   1487 |      0 |  11525 |  15 | 1004.5 |
        Temple |     36 |     23 |     13 |      0 |      0 |   1 |   36.0 |
          Lair |   5001 |   4346 |    655 |      0 |   3531 |   5 | 1000.2 |
         Swamp |   2394 |   2169 |    225 |      0 |   1781 |   4 |  598.5 |
   Spider Nest |   3511 |   3353 |    158 |      0 |   2691 |   4 |  877.8 |
    Slime Pits |   3240 |   3195 |     45 |      0 |   1985 |   5 |  648.0 |
  Orcish Mines |   2006 |   1926 |     80 |      0 |   1406 |   2 | 1003.0 |
   Elven Halls |   3665 |   3495 |    170 |      0 |   2724 |   3 | 1221.7 |
        Vaults |   6402 |   5835 |    567 |      0 |   4534 |   5 | 1280.4 |
        Depths |   3798 |   3517 |    281 |      0 |   2779 |   4 |  949.5 |
          Hell |    987 |    953 |     34 |    100 |    475 |   1 |  987.0 |
       Gehenna |    383 |    383 |      0 |      0 |    297 |   2 |  191.5 |
      Ziggurat |   2557 |   2557 |      0 |      0 |    361 |  24 |  106.5 |
       Ossuary |    556 |    556 |      0 |      0 |    388 |   1 |  556.0 |
      Ice Cave |    478 |    478 |      0 |      0 |    321 |   1 |  478.0 |
               +--------+--------+--------+--------+--------+-----+--------+

Top non-repeatable levels by time:
Vaults:2: 1589 daAuts
Vaults:5: 1543 daAuts
   Elf:3: 1338 daAuts
     D:5: 1323 daAuts
   Elf:2: 1323 daAuts
     D:4: 1317 daAuts
     D:6: 1267 daAuts
Depths:1: 1200 daAuts
 Slime:5: 1194 daAuts
    D:12: 1180 daAuts
   Orc:2: 1177 daAuts
  Lair:5: 1165 daAuts
    D:13: 1142 daAuts
Spider:2: 1127 daAuts
     D:7: 1121 daAuts
